 Dungeon Crawl Stone Soup version 0.17-a0-1020-ge683cc4 (webtiles) character file.

91 PhynixH2O the Skirmisher (level 4, 0/38 HPs)
             Began as a Demonspawn Abyssal Knight on May 14, 2015.
             Was a Believer of Lugonu.
             Succumbed to an adder's poison
             ... on level 2 of the Dungeon.
             The game lasted 00:14:06 (2382 turns).

PhynixH2O the Skirmisher (DsAK)                     Turns: 2382, Time: 00:14:07

Health: 0/38       AC:  6    Str: 13    XL:     4   Next: 34%
Magic:  15/15      EV: 11    Int: 13    God:    Lugonu [**....]
Gold:   125        SH:  0    Dex: 13    Spells: 0 memorised, 3 levels left

rFire  . . .     SeeInvis .     a - +1 spear
rCold  . . .     Clarity  .     b - +0 leather armour
rNeg   . . .     SustAb   .     (no shield)
rPois  .         Gourm    .     (helmet restricted)
rElec  .         Spirit   .     e - -2 cloak
rCorr  .         Warding  .     (no gloves)
rMut   .         Stasis   .     (no boots)
MR     .....                    (no amulet)
Stlth  +.........               n - ring of magical power
                                j - +3 ring of protection

@: lethally poisoned (0 -> -2), very slightly contaminated, not resistant to
hostile enchantments, very unstealthy
A: antennae 1, rugged brown scales 1
a: Depart the Abyss, Bend Space, Renounce Religion


You were on level 2 of the Dungeon.
You worshipped Lugonu.
Lugonu was pleased with you.
You were not hungry.

You visited 1 branch of the dungeon, and saw 3 of its levels.
You visited the Abyss 1 time.

You collected 125 gold pieces.

Inventory:

Hand weapons
 a - a +1 spear (weapon)
Armour
 b - a +0 leather armour (worn)
 e - a -2 cloak (worn)
Jewellery
 j - a +3 ring of protection (left hand)
 n - a ring of magical power (right hand)
Scrolls
 i - 3 scrolls of identify
 q - a scroll of enchant armour {unknown}
Potions
 h - 2 potions of curing {unknown}
 k - 2 potions of might {unknown}
 l - a potion of haste
 m - 2 potions of lignification {unknown}
 o - a potion of brilliance {unknown}
 r - a potion of ambrosia {unknown}
Comestibles
 c - 3 bread rations
 d - 3 slices of pizza
 f - a chunk of flesh
 g - a meat ration
 p - 3 fruits


   Skills:
 + Level 4.2 Fighting
 * Level 3.0 Polearms
 - Level 1.7 Armour
 - Level 0.8 Dodging
 + Level 3.0 Invocations


You had 3 spell levels left.
You didn't know any spells.

Dungeon Overview and Level Annotations

Branches:
Dungeon (3/15)

Altars:


Innate Abilities, Weirdness & Mutations

You have a pair of small antennae on your head.
You are partially covered in rugged brown scales (AC +1, +3% HP).


Message History

You feel sick.
Eat one of 2 chunks of flesh? (ye/n/q/i?) This raw flesh tastes terrible.
You continue eating.
* * * LOW HITPOINT WARNING * * *
You feel sick.
You continue eating.
* * * LOW HITPOINT WARNING * * *
You feel sick.
Unknown command.
You see here a robe.
* * * LOW HITPOINT WARNING * * *
You feel sick.
* * * LOW HITPOINT WARNING * * *
You feel sick.
* * * LOW HITPOINT WARNING * * *
You feel sick.
Use which ability? (? or * to list)
Okay, then.
You die...

#.#...........#.##.#......#.#.#
#.#.#.......#.#.##.#.#..###....
#.#.#.#...#.#.#.#..#.#...#####.
#.#.#.#.#.#.#.#.#..#.###.# ##
#.#.#(#.#.#.#.#.#..#.# #.##
#.#.#.#...#.#.#.#..#.# #..#
#.#.#.......#.#.#....# ##.#
#.#..S........#.#.#..# #.#####
#......###..).@...#..####......
#####.## ###..##.###...#####...
#.#######.##.# #.#.####..#.
#.....#.).(..# #.#.##......
#######....[...###........#..
#.......#......##.....##..#..
#.########....#...##....#.#.#
#.#....##...............#.#.#
#####.#.....#......##.......#.#.#


There were no monsters in sight!

Vanquished Creatures
  3 adders (D:2)
  2 oozes (D:2)
  A worm (D:2)
  4 giant geckos
  A bat skeleton (D:1)
  4 giant cockroaches
  2 goblins (D:1)
  7 hobgoblins
  2 jackals (D:2)
  9 kobolds
  2 quokkas (D:2)
  2 bats (D:1)
  3 giant newts
  4 rats
46 creatures vanquished.

Notes
Turn   | Place    | Note
--------------------------------------------------------------
     0 | Abyss:1  | PhynixH2O the Demonspawn Abyssal Knight began the quest for the Orb.
     0 | Abyss:1  | Reached XP level 1. HP: 18/18 MP: 2/2
    34 | D:1      | Escaped the Abyss
   341 | D:1      | Gained mutation: You have a pair of small antennae on your head. [demonic ancestry]
   341 | D:1      | Reached XP level 2. HP: 24/24 MP: 3/3
   652 | D:1      | You fall through a shaft!
   835 | D:1      | Reached XP level 3. HP: 20/30 MP: 5/5
   845 | D:1      | Acquired Lugonu's second power
  1314 | D:2      | Reached skill level 4 in Fighting
  1526 | D:2      | Gained mutation: You are partially covered in rugged brown scales (AC +1, +3% HP). [demonic ancestry]
  1526 | D:2      | Reached XP level 4. HP: 30/38 MP: 6/6
  2379 | D:2      | HP: 1/38 [poisoned by an adder]
  2382 | D:2      | Succumbed to an adder's poison

Vault maps used:
D:1:      sevenhm_arrival_forest_fort_small_5, minmay_misc_feat_columns
D:2:      first_bread, serial_co_window_serial, co_window_paths_b,
          co_window_of_opportunity_a, co_window_corner_a, co_window_paths_b,
          co_window_of_opportunity_a, co_window_2corner, co_window_corner_ca,
          co_window_broadway_c, co_window_corner_b, co_window_unsneaky_path_a,
          glass_columns_a, glass_columns_c, glass_columns_a, glass_columns_a,
          glass_columns_b, minmay_misc_feat_more_columns
D:3:      lemuel_round_altar, zin_angel, serial_bayou, serial_bayou_shore_b,
          serial_bayou_pond_a, serial_bayou_crossing, serial_bayou_lagoon_a

Action                   |  1- 3 |  4- 6 || total
-------------------------+-------+-------++-------
Melee: Spear             |   142 |    48 ||   190
  Use: Scroll            |       |     3 ||     3
       Potion            |       |     2 ||     2
  Eat: Chunk             |     2 |     3 ||     5
